 Dungeon Crawl Stone Soup version 0.28-a0-1387-g3a22ab9bdc (webtiles) character file.

Game seed: 8903270452205670191

1362 swappor the Chopper (level 8, -3/70 HPs)
             Began as a Minotaur Berserker on Jan 3, 2022.
             Was a Priest of Trog.
             Slain by a lorocyproca (18 damage)
             ... on level 2 of the Abyss.
             The game lasted 00:13:12 (6098 turns).

swappor the Chopper (Minotaur Berserker)            Turns: 6098, Time: 00:13:12

Health: -3/70      AC: 14    Str: 22    XL:     8   Next: 37%
Magic:  16/16      EV:  7    Int:  6    God:    Trog [***...]
Gold:   227        SH:  5    Dex:  7    Spells: 7/7 levels left

rFire   x . .      SeeInvis .   a - +0 war axe
rCold   + . .      Faith    .   (no shield)
rNeg    . . .      Spirit   .   l - +1 plate armour
rPois   .          Reflect  +   (helmet restricted)
rElec   +          Harm     .   (no cloak)
rCorr   .          Rampage  .   (no gloves)
Will    +....                   u - +0 pair of boots
Stlth   ..........              g - amulet of reflection
HPRegen 0.00/turn               M - ring of magical power {MP+9}
MPRegen 0.15/turn               A - ring "Zeuluel" {Ice rElec Will+ Dex-3 Slay+6}

@: sick
A: horns 2, retaliatory headbutt
a: Renounce Religion, Berserk, Trog's Hand


You were on level 2 of the Abyss.
You worshipped Trog.
Trog was most pleased with you.
You visited 1 branch of the dungeon, and saw 6 of its levels.
You visited the Abyss 1 time.

You collected 227 gold pieces.

Inventory:

Hand Weapons
 a - a +0 war axe (weapon)
   (You took it off an orc on level 2 of the Dungeon)
Armour
 l - a +1 plate armour (worn)
   (You found it on level 3 of the Dungeon)
 u - a +0 pair of boots (worn)
   (You found it on level 4 of the Dungeon)
Jewellery
 g - an amulet of reflection (around neck)
   (You found it on level 1 of the Dungeon)
 A - the ring "Zeuluel" (right hand) {Ice rElec Will+ Dex-3 Slay+6}
   (You found it on level 5 of the Dungeon)

   [ring of ice]

   It enhances your ice magic.
   Dex:       It affects your dexterity (-3).
   Slay:      It affects your accuracy & damage with ranged weapons and melee
   (+6).
   rF:        It makes you vulnerable to fire.
   rC:        It protects you from cold.
   rElec:     It insulates you from electricity.
   Will:      It increases your willpower.
 M - a ring of magical power (left hand) {MP+9}
   (You found it on level 1 of the Dungeon)
Wands
 j - a wand of polymorph (6)
   (You found it on level 5 of the Dungeon)
 q - a wand of flame (13)
   (You found it on level 4 of the Dungeon)
Scrolls
 e - a scroll of blinking {unknown}
 f - a scroll of amnesia {unknown}
 h - a scroll of enchant armour
 n - a scroll of fog {unknown}
 o - a scroll of summoning {unknown}
 t - a scroll of teleportation {unknown}
 E - a scroll of fear
Potions
 i - a potion of haste {unknown}
 y - a potion of lignification {unknown}
 z - a potion of degeneration {unknown}
 B - a potion of brilliance
 G - 2 potions of ambrosia {!q}
 I - a potion of invisibility
 J - 4 potions of curing {@q1}
 N - a potion of heal wounds {@q2}
 U - a potion of mutation {!q}


   Skills:
 + Level 6.1 Fighting
 * Level 7.9 Axes
 + Level 5.4 Armour
 + Level 4.9 Dodging
 * Level 4.0 Evocations


You had 7 spell levels left.
You didn't know any spells.
Your spell library was empty.

Dungeon Overview and Level Annotations

Branches:
Dungeon (6/15)
 Temple: D:4-7

Altars:
Cheibriados
Qazlal

Shops:
D:1 !

Annotations:
D:6 Dowan, Duvessa


Innate Abilities, Weirdness & Mutations

You have a pair of horns on your head.
You reflexively headbutt those who attack you in melee.


Message History

Dowan blinks!
Duvessa says, "Where magic fails, the sword succeeds!"
A red film seems to cover your vision as you go berserk!
You feel yourself moving faster!
You feel mighty! Duvessa hits you but does no damage. Space warps around you.
You now have 100/105 hp.
You hit Duvessa. You headbutt Duvessa! You slash Duvessa!
Duvessa hits you with a +2 rapier of distortion.
You are cast into the Abyss!
This branch contains the abyssal rune of Zot.
Found a corrupted altar of Lugonu.
You take 3 damage, and have 97/105 hp.
There is a corrupted altar of Lugonu here.
You feel a strong urge to attack something.
You are no longer berserk.
You are exhausted.
You feel yourself slow down.
You now have 65/70 hp.
Health restored: 70 You feel yourself speed up.
You recover from your berserk rage.
A tentacled starspawn comes into view.
A tentacle flies out from the starspawn's body!
A starspawn tentacle comes into view.
A starspawn tentacle comes into view.
Tentacles burst from the starspawn's body! 2 starspawn tentacles come into view.
An ancient zyme comes into view.
You feel yourself growing ill in the presence of the ancient zyme.
The starspawn tentacle barely misses you.
You feel ill. The starspawn tentacle grabs you.
The starspawn tentacle constricts you.
The starspawn tentacle loses its grip on you.
The tentacle pulls you backwards!
You take 2 damage, and have 68/70 hp.
A tentacle flies out from the starspawn's body!
A starspawn tentacle comes into view.
You block the ancient zyme's attack. x2
The starspawn tentacle grabs you. The starspawn tentacle constricts you.
You escape the starspawn tentacle's grasp.
The starspawn tentacle completely misses you.
The starspawn tentacle grabs you. The starspawn tentacle constricts you.
A large abomination comes into view.
You see here 15 gold pieces.
You escape the starspawn tentacle's grasp.
The starspawn tentacle grabs you. The starspawn tentacle constricts you.
You escape the starspawn tentacle's grasp.
You feel ill. The starspawn tentacle grabs you.
The starspawn tentacle constricts you.
The starspawn tentacle's grasp on you weakens, but your attempt to escape fails.
The starspawn tentacle loses its grip on you.
The tentacle pulls you backwards!
A starspawn tentacle segment comes into view.
The ancient zyme hits you but does no damage.
The ancient zyme hits you. The starspawn tentacle grabs you.
The starspawn tentacle constricts you.
A starspawn tentacle segment comes into view.
You take 2 damage, and have 66/70 hp.
The starspawn tentacle's grasp on you weakens, but your attempt to escape fails.
The ancient zyme hits you. The ancient zyme hits you!
The starspawn tentacle constricts you.
A starspawn tentacle segment comes into view.
You take 10 damage, and have 56/70 hp.
You escape the starspawn tentacle's grasp.
The starspawn tentacle grabs you. The starspawn tentacle constricts you.
You take 3 damage, and have 53/70 hp.
You escape the starspawn tentacle's grasp.
The starspawn tentacle grabs you. The starspawn tentacle constricts you.
You take 3 damage, and have 50/70 hp.
You escape the starspawn tentacle's grasp.
A tentacle flies out from the starspawn's body!
A starspawn tentacle comes into view.
The starspawn tentacle completely misses you.
You furiously retaliate!
You headbutt the starspawn tentacle! The ancient zyme closely misses you.
The ancient zyme hits you!
The starspawn tentacle completely misses you.
You take 9 damage, and have 41/70 hp.
The large abomination hits you. The starspawn tentacle grabs you.
The starspawn tentacle constricts you.
You take 5 damage, and have 36/70 hp.
You escape the starspawn tentacle's grasp.
Tentacles burst from the starspawn's body!
The efreet gestures at you.
The fireball explodes!
The fireball engulfs you!! The fire burns you terribly!
* * * LOW HITPOINT WARNING * * *
You hear a chilling moan. 2 starspawn tentacles come into view.
You take 21 damage, and have 15/70 hp.
MASSIVE DAMAGE!!
Something hits you!!
You die...

##.. #. .#.. ..# ...
# ##.. ...##.#..#
#....#....#
#......##
#..#..#..##
#.@##...# #.#.#.#..
#...# .# . #
#..#X.##.# ...
.####..☼...#
...####.#$#..○#.#...
#...#..#.##☼..#.###
#....# #.#.x.# ...#
......#....#..#..##


You could see a large abomination.

Vanquished Creatures
  The ghost of SirDiesAlot the Magician, a novice DjEE of Ashenzari (D:5)
  An ogre (D:5)
  A centaur (D:5)
  A phantom (D:5)
  A bullfrog (D:5)
  A scorpion (D:5)
  A wyvern skeleton (D:5)
  2 hounds (D:5)
  3 iguanas
  A scorpion zombie (D:5)
  Jessica (D:2)
  A bullfrog skeleton (D:5)
  A hound zombie (D:5)
  A hound skeleton (D:5)
  8 adders
  A shadow imp (D:6)
  An ufetubus (D:4)
  A worm (D:4)
  A dart slug (D:4)
  4 orcs
  3 bats
  5 endoplasms
  3 giant cockroaches
  4 hobgoblins
  2 jackals (D:3)
  4 quokkas
  9 ball pythons
  4 frilled lizards
  6 goblins
  2 kobolds
  5 rats
80 creatures vanquished.

Vanquished Creatures (others)
  8 starspawn tentacles (Abyss:2)
8 creatures vanquished.

Grand Total: 88 creatures vanquished

Notes
Turn   | Place    | Note
-------+----------+-------------------------------------------
     0 | D:1      | swappor the Minotaur Berserker began the quest for the Orb.
     0 | D:1      | Reached XP level 1. HP: 19/19 MP: 0/0
   115 | D:1      | Found a faded altar of an unknown god.
   305 | D:1      | Reached XP level 2. HP: 27/27 MP: 1/1
   307 | D:1      | Found Meehosm's Distillery.
   418 | D:1      | Reached skill level 4 in Axes
  1607 | D:2      | Reached ** piety under Trog
  1609 | D:2      | Noticed Jessica
  1627 | D:2      | Killed Jessica
  1628 | D:2      | Reached skill level 4 in Fighting
  1628 | D:2      | Reached skill level 3 in Armour
  1628 | D:2      | Reached XP level 3. HP: 24/33 MP: 2/2
  2088 | D:2      | Reached XP level 4. HP: 40/40 MP: 3/3
  2683 | D:3      | Reached skill level 3 in Dodging
  2791 | D:3      | Reached skill level 5 in Axes
  3422 | D:3      | Reached XP level 5. HP: 42/47 MP: 4/4
  4014 | D:4      | Found a stormy altar of Qazlal.
  4506 | D:5      | Entered Level 5 of the Dungeon
  4637 | D:5      | Reached *** piety under Trog
  4730 | D:5      | Reached skill level 4 in Armour
  4730 | D:5      | Reached skill level 1 in Evocations
  4730 | D:5      | Reached XP level 6. HP: 55/55 MP: 5/5
  4747 | D:5      | Found a snail-covered altar of Cheibriados.
  4752 | D:5      | Reached skill level 6 in Axes
  4867 | D:5      | Reached skill level 5 in Fighting
  5181 | D:5      | Reached skill level 4 in Dodging
  5181 | D:5      | Reached skill level 2 in Evocations
  5181 | D:5      | Reached XP level 7. HP: 56/61 MP: 6/6
  5487 | D:5      | Identified the ring "Zeuluel" {Ice rElec Will+ Dex-3
                  | Slay+6}
  5599 | D:5      | Found a runed translucent door.
  5601 | D:5      | Noticed SirDiesAlot's ghost (novice DjEE)
  5754 | D:5      | Killed SirDiesAlot's ghost
  5755 | D:5      | Reached skill level 6 in Fighting
  5755 | D:5      | Reached skill level 7 in Axes
  5755 | D:5      | Reached skill level 5 in Armour
  5755 | D:5      | Reached skill level 3 in Evocations
  5755 | D:5      | Reached XP level 8. HP: 45/70 MP: 7/7
  5982 | D:6      | Noticed Dowan
  5982 | D:6      | Noticed Duvessa
  5995 | D:6      | Reached skill level 4 in Evocations
  6003 | D:6      | Cast into level 2 of the Abyss (Duvessa)
  6003 | Abyss:2  | Found a corrupted altar of Lugonu.
  6055 | Abyss:2  | Noticed a tentacled starspawn
  6063 | Abyss:2  | Noticed an ancient zyme
  6087 | Abyss:2  | Noticed an efreet
  6093 | Abyss:2  | HP: 15/70 [efreet/fireball (21)]
  6098 | Abyss:2  | Slain by a lorocyproca

Illustrated notes

Levels and vault maps discovered:
D:1:      sevenhm_arrival_forest_fort_large_4, layout_basic, serial_shops,
          nicolae_diamond_shop, hellmonk_ecumenical_altar_run_dry,
          chequers_decorated_corner
D:2:      layout_basic, grunt_decor_clamped, uniq_jessica
D:3:      layout_loops_corners
D:4:      layout_loops_ring, grunt_qazlal_clouds,
          eino_small_chamber_without_monster, nicolae_elevator_lobby_plus
D:5:      minmay_general_purpose_star, layout_loops_cross, cheibriados_altar_1,
          ebering_ghost_sewer_d
D:6:      layout_loops_cross, nzn_wu_jian_contemplation,
          minmay_temple_entry_mist, gammafunk_ghost_stat_death,
          mrwooster_statue_mirror, uniq_blork_the_orc, uniq_eustachio,
          uniq_maggie, uniq_menkaure, uniq_duvessa
Abyss:2:  base: D:1, lemuel_flamethrower_3

Skill      XL: |  1  2  3  4  5  6  7  8 |
---------------+-------------------------+-----
Axes           | 4 5 6 7 |  7.9
Fighting       | 4 5 6 |  6.1
Armour         | 3 4 5 |  5.4
Dodging        | 3 4 |  4.9
Evocations     | 1 2 3 4 |  4.0

Action                   |  1- 3 |  4- 6 |  7- 9 || total
-------------------------+-------+-------+-------++-------
Melee: Hand axe          |    42 |       |       ||    42
       Headbutt          |     8 |    20 |     7 ||    35
       War axe           |    21 |   115 |    45 ||   181
Invok: Berserk           |       |       |     2 ||     2
       Trog's Hand       |       |       |     1 ||     1
  Use: Scroll            |       |     2 |     6 ||     8
Armor: Animal skin       |     4 |       |       ||     4
       Scale mail        |     7 |     2 |       ||     9
       Leather armour    |     1 |       |       ||     1
       Ring mail         |       |    10 |       ||    10
       Plate armour      |       |    36 |    19 ||    55
Dodge: Dodged            |    29 |    34 |    12 ||    75
Block: Other             |     7 |    30 |    11 ||    48
       Reflection        |     1 |     3 |     2 ||     6

Table legend: (Time is in decaauts)
 A = Elapsed time spent in this place.
 B = Non-inter-level travel time spent in this place.
 C = Inter-level travel time spent in this place.
 D = Time resting spent in this place.
 E = Time spent auto-exploring this place.
 F = Levels seen in this place.
 G = Mean time per level.
                   A        B        C        D        E       F      G
               +--------+--------+--------+--------+--------+-----+--------+
         Total |   6161 |   5860 |    301 |      0 |   4815 |   7 |  880.1 |
       Dungeon |   6053 |   5752 |    301 |      0 |   4815 |   6 | 1008.8 |
         Abyss |    107 |    107 |      0 |      0 |      0 |   1 |  107.0 |
               +--------+--------+--------+--------+--------+-----+--------+

Top non-repeatable levels by time:
     D:5: 1489 daAuts
     D:2: 1378 daAuts
     D:1: 1219 daAuts
     D:3: 1116 daAuts
     D:4: 816 daAuts
 Abyss:2: 107 daAuts
     D:6: 32 daAuts

Table legend:
 A = Kills in this place as a percentage of kills in entire the game.
 B = Kills by you in this place as a percentage of kills by you in the entire game.
 C = Kills by friends in this place as a percentage of kills by friends in the entire game.
 D = Other kills in this place as a percentage of other kills in the entire game.
 E = Experience gained in this place as a percentage of experience gained in the entire game.
 F = Experience gained in this place divided by the number of levels of this place that you have seen.
                   A       B       C       D       E      F
               +-------+-------+-------+-------+-------+----------------------
         Total | 100.0 | 100.0 |   N/A |   N/A | 100.0 | 278.1
       Dungeon | 100.0 | 100.0 |   N/A |   N/A | 100.0 | 324.5
               +-------+-------+-------+-------+-------+----------------------
